 Dungeon Crawl Stone Soup version 0.28-a0-819-g6ef7baa362 (webtiles) character file.

Game seed: 16586745012135417656

21 BinkBink the Firebug (level 2, -1/15 HPs)
             Began as a Deep Elf Fire Elementalist on Nov 8, 2021.
             Succumbed to an adder's poison
             ... on level 2 of the Dungeon.
             The game lasted 00:01:16 (399 turns).

BinkBink the Firebug (Deep Elf Fire Elementalist)    Turns: 399, Time: 00:01:17

Health: -1/15      AC:  2    Str:  5    XL:     2   Next: 62%
Magic:  3/8        EV: 12    Int: 19    God:
Gold:   33         SH:  0    Dex: 15    Spells: 6/7 levels left

rFire   . . .      SeeInvis .   (no weapon)
rCold   . . .      Faith    .   (no shield)
rNeg    . . .      Spirit   .   a - +0 robe
rPois   .          Reflect  .   (no helmet)
rElec   .          Harm     .   (no cloak)
rCorr   .          Rampage  .   (no gloves)
Will    .....                   (no boots)
Stlth   ++........              (no amulet)
HPRegen 0.05/turn               (no ring)
MPRegen 0.11/turn               (no ring)

@: lethally poisoned (-1 -> -10), about to teleport, attractive
A: no striking features
a: no special abilities


You were on level 2 of the Dungeon.
You visited 1 branch of the dungeon, and saw 2 of its levels.

You collected 33 gold pieces.

Inventory:

Armour
 a - a +0 robe (worn)
Scrolls
 d - a scroll of enchant armour {unknown}
Potions
 c - a potion of attraction


   Skills:
 + Level 2.4 Dodging
 + Level 2.4 Stealth
 + Level 3.2 Spellcasting
 + Level 1.1 Conjurations
 + Level 4.2 Fire Magic


You had 6 spell levels left.
You knew the following spells:

 Your Spells              Type           Power      Damage    Failure   Level
a - Foxfire               Conj/Fire      52%        2x1d6     4%          1

Your spell library contained the following spells:

 Spells                   Type           Power      Damage    Failure   Level
 Scorch                   Fire           38%        2d6       4%          2
 Conjure Flame            Conj/Fire      13%        6-21      14%         3
 Inner Flame              Hex/Fire       11%        N/A       19%         3
 Flame Wave               Conj/Fire      13%        3d5       43%         4


Dungeon Overview and Level Annotations

Branches:
Dungeon (1/15)

Altars:


Message History

The adder bites you.
The foxfire hits the adder.
The adder is lightly wounded.
The foxfire hits the adder.
The adder is moderately wounded.
The adder bites you.
You conjure some foxfire!
The adder bites you but does no damage.
Your magical contamination has completely faded away.
The foxfire hits the adder but does no damage.
The adder is moderately wounded.
The foxfire hits the adder.
The adder is heavily wounded.
The adder bites you. x2
You are poisoned.
The adder poisons you!
You conjure some foxfire!
You feel sick. The adder closely misses you.
You feel sick.
The foxfire hits the adder.
The adder is severely wounded.
The foxfire hits the adder but does no damage.
The adder is severely wounded.
The adder completely misses you.
You are too injured to fight recklessly!
Casting: Foxfire (safe; 5% risk of failure)
Confirm with . or Enter, or press ? or * to list all spells.
You conjure some foxfire!
You feel sick. The adder bites you.
* * * LOW HITPOINT WARNING * * *
You are more poisoned.
The adder poisons you!
Unknown command.
It was a potion of attraction.
You feel attractive to monsters.
* * * LOW HITPOINT WARNING * * *
You feel sick.
The foxfire hits the adder.
The adder is almost dead.
The foxfire hits the adder.
You kill the adder!
Your Fire Magic skill increases to level 4!
As you read the scroll labelled DOUJIBRICE, it crumbles to dust.
You feel strangely unstable.
It was a scroll of teleportation.
You die...

## ##... ..# ..#. #.# . ...
### ##.. #.. ... ..# #..###.#
#.# ## ##...... ##.## #..
#..#[†# #######...###
#.###...@.###............
#.#.###§..............##
##..# #.#.^#.#####.##>#.
##...###......#####.##.#.
#..#.##......[......##.##.#.
............#..........##.#.
#.######.#.###..####.#####...
#.......###.##..####.#######.
#.####.## ##.................


There were no monsters in sight!

Vanquished Creatures
  An adder (D:2)
  2 ball pythons (D:2)
  2 endoplasms (D:2)
  A giant cockroach (D:1)
  2 hobgoblins (D:2)
  A quokka (D:1)
  A bat (D:1)
  A kobold (D:1)
11 creatures vanquished.

Vanquished Creatures (others)
  42 foxfires
42 creatures vanquished.

Grand Total: 53 creatures vanquished

Notes
Turn   | Place    | Note
-------+----------+-------------------------------------------
     0 | D:1      | BinkBink the Deep Elf Fire Elementalist began the quest for
                  | the Orb.
     0 | D:1      | Reached XP level 1. HP: 10/10 MP: 6/6
   140 | D:1      | Found a faded altar of an unknown god.
   196 | D:1      | You fall into a shaft and drop 1 floor!
   260 | D:2      | Reached XP level 2. HP: 15/15 MP: 6/8
   399 | D:2      | Reached skill level 4 in Fire Magic
   399 | D:2      | Succumbed to an adder's poison

Illustrated notes

Levels and vault maps discovered:
D:1:      dpeg_arrival_houses_and_road, layout_basic,
          ebering_ecumenical_altar_rust, minmay_misc_feat_iff
D:2:      layout_loops_ring, grunt_ministairs_11,
          minmay_randomly_rotated_circles

Skill      XL: |  1  2 |
---------------+-------+-----
Fire Magic     | 4 |  4.2
Dodging        | |  2.4
Stealth        | |  2.4
Spellcasting   | |  3.2
Conjurations   | |  1.1

Action                   || total
-------------------------++-------
 Cast: Foxfire           ||    25
  Use: Scroll            ||     1
       Potion            ||     1
Armor: Robe              ||     1
Dodge: Dodged            ||     3

Table legend: (Time is in decaauts)
 A = Elapsed time spent in this place.
 B = Non-inter-level travel time spent in this place.
 C = Inter-level travel time spent in this place.
 D = Time resting spent in this place.
 E = Time spent auto-exploring this place.
 F = Levels seen in this place.
 G = Mean time per level.
                   A        B        C        D        E       F      G
               +--------+--------+--------+--------+--------+-----+--------+
         Total |    398 |    398 |      0 |      0 |    319 |   2 |  199.0 |
       Dungeon |    398 |    398 |      0 |      0 |    319 |   2 |  199.0 |
               +--------+--------+--------+--------+--------+-----+--------+

Top non-repeatable levels by time:
     D:2: 202 daAuts
     D:1: 196 daAuts
